 Dungeon Crawl Stone Soup version 0.26.1-2-gb8aa6d0cf2 (webtiles) character file.

Game seed: 11405035528385740196

3133 monstrium the Grappler (level 9, -7/71 HPs)
             Began as a Ghoul Monk on Mar 23, 2021.
             Was a Priest of Yredelemnul.
             Mangled by a gnoll
             ... wielding a +0 halberd
              (16 damage)
             ... on level 8 of the Dungeon.
             The game lasted 00:21:50 (7902 turns).

monstrium the Grappler (Ghoul Monk)                 Turns: 7902, Time: 00:21:50

Health: -7/71      AC:  7    Str: 17      XL:     9   Next: 92%
Magic:  8/8        EV: 15    Int:  4 (5)  God:    Yredelemnul [***...]
Gold:   523        SH:  5    Dex: 12      Spells: 8/8 levels left

rFire    . . .     SeeInvis .     - Unarmed
rCold    + . .     Faith    .   (no shield)
rNeg     + + +     Spirit   .   a - +0 robe
rPois    ∞         Reflect  +   d - +0 helmet
rElec    .         Harm     .   q - +0 cloak
rCorr    +         Rampage  .   g - +2 pair of gloves
Will     .....                  (no boots)
Stlth    +++.......             i - amulet of reflection
HPRegen  0.00/turn              (no ring)
MPRegen  0.11/turn              l - ring of resist corrosion

@: no status effects
A: claws 1, cold resistance 1, negative energy resistance 3, inhibited
regeneration, torment resistance, unbreathing
a: Renounce Religion, Recall Undead Slaves, Injury Mirror, Animate Dead


You were on level 8 of the Dungeon.
You worshipped Yredelemnul.
Yredelemnul was most pleased with you.
You visited 1 branch of the dungeon, and saw 8 of its levels.

You collected 523 gold pieces.

Inventory:

Armour
 a - a +0 robe (worn)
 d - a +0 helmet (worn)
 g - a +2 pair of gloves (worn)
 q - a +0 cloak (worn)
Jewellery
 h - an uncursed amulet of guardian spirit
 i - an amulet of reflection (around neck)
 l - a ring of resist corrosion (right hand)
Wands
 c - a wand of polymorph (8)
 s - a wand of random effects (24)
Scrolls
 b - 8 scrolls of identify
 e - 2 scrolls of random uselessness
 f - a scroll of amnesia
 j - 4 scrolls of magic mapping
 k - 5 scrolls of remove curse
Potions
 m - a potion of ambrosia
 n - a potion of curing
 o - a potion of brilliance


   Skills:
 - Level 3.7 Fighting
 * Level 6.7 Dodging
 - Level 5.0 Stealth
 - Level 0.1 Shields
 * Level 12.1 Unarmed Combat
 - Level 0.2 Invocations


You had 8 spell levels left.
You didn't know any spells.
Your spell library was empty.

Dungeon Overview and Level Annotations

Branches:
Dungeon (8/15)             Temple (0/1) D:7
   Lair: D:8-11

Altars:
Cheibriados
Elyvilon
Nemelex Xobeh
Qazlal
Sif Muna
Uskayaw
Xom
Yredelemnul
Zin
The Shining One

Shops:
D:4 [   D:7 [

Annotations:
D:8 1 transporter, phalm's ghost, novice DDFi


Innate Abilities, Weirdness & Mutations

You thrive by killing the living.
You are immune to poison.
You have sharp fingernails.
Your flesh is cold resistant. (rC+)
You are immune to negative energy. (rN+++)
You do not regenerate when monsters are visible.
You are immune to unholy pain and torment.
You can survive without breathing.


Message History

Phalm's ghost is heavily damaged.
Phalm's ghost barely misses you. The gnoll misses you.
The gnoll shouts!
You hit phalm's ghost but do no damage.
Phalm's ghost is heavily damaged.
Phalm's ghost hits you!
* * * LOW HITPOINT WARNING * * *
You punch phalm's ghost!
Phalm's ghost is severely damaged.
You block the gnoll's attack. Phalm's ghost hits you!
* * * LOW HITPOINT WARNING * * *
You feel better. Phalm's ghost hits you!
* * * LOW HITPOINT WARNING * * *
Phalm's ghost says, "I was once a great warrior, and I still am!"
There is an open translucent door here.
The gnoll zaps a wand.
You easily resist.
Found a leather armour.
The gnoll hits you from afar with a +0 halberd!
You die...
Yredelemnul claims you as an undead slave.

.
#.8.#.###.©.###.#g8g#≈≈.
..
...###.#####.###g..#≈≈.
.[≈
#..........g....###≈≈.
..≈≈
#.##'###)######.#8.≈≈.
..≈≈.##.#...#..8#
.#.##.≈≈.
..≈≈.#..'...))©⌠#
W'.g#.≈≈.
.≈≈.##.#Pg.#.)8# ..
.##.≈≈. .
#.##'###)######.#8.≈≈.
#.gW.@.........g###≈≈.
#...###.#####©###...#≈≈.
#.8.#.###.©.# # 8.#≈≈.
≈#####........ #≈≈ .≈≈≈
≈≈≈≈≈≈≈≈≈≈≈ .≈≈
≈≈≈≈≈≈≈≈≈≈≈≈≈ ..
...z...........
..z..>...........


You could see phalm's ghost and 2 gnolls.

Vanquished Creatures
  Sigmund (D:3)
  A water moccasin (D:5)
  4 ice beasts
  An orc warrior (D:6)
  A black bear (D:8)
  2 phantoms
  5 ogres
  3 centaurs
  4 bullfrogs (D:6)
  4 gnoll sergeants (D:8)
  A wyvern skeleton (D:8)
  3 scorpions
  A bullfrog zombie (D:6)
  A centaur zombie (D:7)
  3 hounds
  A gnoll shaman (D:8)
  An orc priest (D:5)
  A bullfrog skeleton (D:5)
  An orc wizard (D:6)
  A centaur skeleton (D:6)
  2 iguanas
  3 worker ants
  A hound skeleton (D:4)
  Robin (D:4)
  A worker ant zombie (D:6)
  7 gnolls (D:8)
  7 adders
  3 white imps
  3 ufetubi
  An ooze (D:3)
  An adder zombie (D:5)
  2 worms
  7 dart slugs
  7 leopard geckos
  12 orcs
  8 bats
  8 giant cockroaches
  13 goblins
  10 hobgoblins
  10 jackals
  3 quokkas
  2 ball pythons (D:3)
  7 frilled lizards
  7 kobolds
  6 rats
  A butterfly (D:7)
173 creatures vanquished.

Vanquished Creatures (others)
  11 plants
11 creatures vanquished.

Grand Total: 184 creatures vanquished

Notes
Turn   | Place    | Note
-------+----------+-------------------------------------------
     0 | D:1      | monstrium the Ghoul Monk began the quest for the Orb.
     0 | D:1      | Reached XP level 1. HP: 19/19 MP: 0/0
   287 | D:1      | Reached XP level 2. HP: 26/26 MP: 1/1
   806 | D:1      | HP: 1/26 [bat (1)]
  1237 | D:1      | Reached XP level 3. HP: 29/31 MP: 2/2
  1663 | D:2      | Found a stormy altar of Qazlal.
  1702 | D:2      | Reached skill level 4 in Unarmed Combat
  2194 | D:2      | Reached XP level 4. HP: 32/38 MP: 3/3
  2457 | D:2      | Found a shimmering altar of Xom.
  2693 | D:3      | Noticed Sigmund
  2706 | D:3      | Killed Sigmund
  2707 | D:3      | Reached skill level 5 in Unarmed Combat
  2707 | D:3      | Reached XP level 5. HP: 9/46 MP: 4/4
  2707 | D:3      | Reached XP level 6. HP: 11/52 MP: 5/5
  3253 | D:3      | Found a snail-covered altar of Cheibriados.
  3342 | D:3      | Found a sparkling altar of Nemelex Xobeh.
  3706 | D:4      | Found Yfoofi's Antique Armour Shop.
  3709 | D:4      | Noticed Robin
  3747 | D:4      | Killed Robin
  3885 | D:4      | Found a white marble altar of Elyvilon.
  4328 | D:4      | Reached XP level 7. HP: 56/58 MP: 6/6
  4492 | D:4      | Found a glowing silver altar of Zin.
  4493 | D:4      | Found a basalt altar of Yredelemnul.
  4512 | D:4      | Found a hide-covered altar of Uskayaw.
  4526 | D:4      | Reached skill level 6 in Unarmed Combat
  4679 | D:4      | Found a shimmering blue altar of Sif Muna.
  4695 | D:4      | Became a worshipper of Yredelemnul the Dark
  4695 | D:4      | Reached * piety under Yredelemnul
  4695 | D:4      | Reached ** piety under Yredelemnul
  4745 | D:5      | Entered Level 5 of the Dungeon
  4804 | D:5      | Reached skill level 5 in Dodging
  4964 | D:5      | Reached skill level 7 in Unarmed Combat
  5243 | D:5      | Reached XP level 8. HP: 62/66 MP: 7/7
  5472 | D:5      | Reached skill level 5 in Stealth
  5472 | D:5      | Reached skill level 8 in Unarmed Combat
  6033 | D:6      | Found a stormy altar of Qazlal.
  6053 | D:6      | Reached skill level 9 in Unarmed Combat
  6246 | D:6      | Reached XP level 9. HP: 71/71 MP: 8/8
  6420 | D:6      | Reached skill level 10 in Unarmed Combat
  6424 | D:6      | Reached *** piety under Yredelemnul
  6506 | D:6      | Found a glowing golden altar of the Shining One.
  6813 | D:7      | Found a staircase to the Ecumenical Temple.
  7146 | D:7      | Reached skill level 11 in Unarmed Combat
  7309 | D:7      | Found Evugrip's Antique Armour Shoppe.
  7791 | D:8      | Found a transporter.
  7822 | D:8      | Found a transporter.
  7829 | D:8      | Identified the amulet of Uhaorr {Reflect rElec Str-3 Dex-4
                  | SH+5 Stlth+}
  7831 | D:8      | Noticed phalm's ghost (novice DDFi)
  7856 | D:8      | Reached skill level 12 in Unarmed Combat
  7902 | D:8      | Mangled by a gnoll

Illustrated notes

Levels and vault maps discovered:
D:1:      heliophobic_arrival_glass_houses, layout_loops_corners
D:2:      layout_rooms, tgw_xom, nicolae_qazlal_general_emergency
D:3:      layout_loops_ring, cheibriados_altar_1,
          nemelex_xobeh_ov_fountains_minmay, minmay_vboxes, uniq_sigmund
D:4:      layout_loops_ring, minitemple, nicolae_overflow_crystal_walls,
          serial_shops, nicolae_shop_overgrown_old_shop, uniq_robin
D:5:      layout_loops_ring
D:6:      layout_basic, overflow_temple_1_default, kennysheep_mini
D:7:      layout_gridville, minmay_temple_entry_butterflies, serial_shops, shop,
          kennysheep_small_square
D:8:      layout_loops_corners, nicolae_gozag_seed_capital,
          gammafunk_ghost_gnarly_gnolls, serial_shops, nicolae_shop_trees

Skill      XL: |  1  2  3  4  5  6  7  8  9 |
---------------+----------------------------+-----
Dodging        | 3 4 5 6 |  6.7
Unarmed Combat | 4 5 7 9 12 | 12.1
Stealth        | 3 4 5 |  5.0
Fighting       | |  3.7
Shields        | |  0.1
Invocations    | |  0.2

Action                   |  1- 3 |  4- 6 |  7- 9 || total
-------------------------+-------+-------+-------++-------
Melee: Unarmed           |   136 |   215 |   419 ||   770
       Punch             |       |     3 |    14 ||    17
Invok: Animate Dead      |       |       |     1 ||     1
  Use: Scroll            |       |     6 |     5 ||    11
       Potion            |       |     3 |     5 ||     8
 Stab: Sleeping          |     4 |    10 |    10 ||    24
       Invisible         |       |       |     4 ||     4
Armor: Robe              |    33 |    42 |    65 ||   140
Dodge: Dodged            |   141 |   135 |   188 ||   464
Block: Other             |       |     3 |    73 ||    76
       Reflection        |       |       |     1 ||     1
